| TOP OF THE 1ST |
|
Lexington Legends batting - Pitching for Greenville Drive : LHP Rob Hymowitz
|
|
Pitching: LHP Rob Hymowitz
|
|
|
Batting: LHB Edgar Ortiz
|
0-0: Ball 1-0: Called Strike 1-1: Fly out, F9 (Line Drive, 89M, EV 91.9 MPH)
|
|
Batting: RHB Nate De Jongh
|
0-0: Ball 1-0: Called Strike 1-1: Called Strike 1-2: Foul Ball, location: 2F 1-2: Fly out, F9 (Flyball, 89M, EV 94.4 MPH)
|
|
Batting: RHB Nick Julien
|
0-0: Ball 1-0: Ball 2-0: Hit by Pitch
|
|
Batting: LHB Pablo Serrato
|
0-0: Called Strike 0-1: Foul Ball, location: 2F 0-2: Foul Ball, location: 2F 0-2: Strikes out swinging
|
| Top of the 1st over - 0 runs, 0 hits, 0 errors, 1 left on base; Lexington 0 - Greenville 0 |
| BOTTOM OF THE 1ST |
|
Greenville Drive batting - Pitching for Lexington Legends : RHP Tony Jimenez
|
|
Pitching: RHP Tony Jimenez
|
|
|
Batting: LHB John Buff
|
0-0: Foul Ball, location: 2F 0-1: Foul Ball, location: 2F 0-2: Ball 1-2: Foul Ball, location: 2F 1-2: Ball 2-2: Ground out 4-3 (Groundball, 34, EV 85.0 MPH)
|
|
Batting: SHB Robert Soto
|
0-0: Foul Ball, location: 2F 0-1: Ball 1-1: Swinging Strike 1-2: DOUBLE (Groundball, 3L, EV 109.4 MPH)
|
|
Batting: LHB Danny Montoya
|
0-0: Ball 1-0: Fly out, F8 (Line Drive, 8LD, EV 101.9 MPH)
|
|
Batting: RHB Alex Cardenas
|
0-0: Swinging Strike 0-1: Foul Ball, location: 2F 0-2: Ball 1-2: Ball Passed Ball! Robert Soto to third 2-2: Ball 3-2: Strikes out swinging
|
| Bottom of the 1st over - 0 runs, 1 hit, 0 errors, 1 left on base; Lexington 0 - Greenville 0 |
| TOP OF THE 2ND |
|
Lexington Legends batting - Pitching for Greenville Drive : LHP Rob Hymowitz
|
|
Batting: SHB Bill Ertl
|
0-0: Called Strike 0-1: Swinging Strike 0-2: Ball 1-2: Ball 2-2: Ball 3-2: Foul Ball, location: 2F 3-2: Strikes out swinging
|
|
Batting: RHB Phil Hamby
|
0-0: Ball 1-0: Called Strike 1-1: Foul Ball, location: 2F 1-2: Foul Ball, location: 2F 1-2: Ball 2-2: Foul Ball, location: 2F 2-2: Ball 3-2: Base on Balls
|
|
Batting: RHB Jesus Malave
|
0-0: Ball 1-0: Called Strike 1-1: SINGLE (Groundball, 25, EV 65.6 MPH) (infield hit) Phil Hamby to second
|
|
Batting: RHB Justin Goff
|
0-0: Ball 1-0: Foul Ball, location: 2F 1-1: SINGLE (Flyball, 8RS, EV 90.6 MPH) Phil Hamby to third Jesus Malave to second
|
|
Batting: LHB Danny Pacheco
|
0-0: Called Strike 0-1: Foul Ball, location: 2F 0-2: Ball 1-2: Ball 2-2: Strikes out swinging
|
|
Batting: LHB Edgar Ortiz
|
0-0: Ball 1-0: Foul Ball, location: 2F 1-1: Called Strike 1-2: Strikes out looking
|
| Top of the 2nd over - 0 runs, 2 hits, 0 errors, 3 left on base; Lexington 0 - Greenville 0 |
| BOTTOM OF THE 2ND |
|
Greenville Drive batting - Pitching for Lexington Legends : RHP Tony Jimenez
|
|
Pitching: RHP Ryan Crump
|
|
|
Pinch Hitting: LHB Eddie Contreras
|
0-0: Foul Ball, location: 2F 0-1: Ball 1-1: DOUBLE (Flyball, 8RXD, EV 106.2 MPH)
|
|
Batting: RHB Adugna Chandu
|
0-0: Called Strike 0-1: Fly out, F5 (Popup, 25, EV 87.5 MPH)
|
|
Batting: RHB Ted Emmerich
|
0-0: Ball 1-0: Called Strike 1-1: SINGLE (Line Drive, 9S, EV 103.8 MPH) Eddie Contreras to third
|
|
Batting: RHB Mike Rosa
|
0-0: Called Strike 0-1: Foul Ball, location: 2F 0-2: Strikes out swinging
|
|
Batting: RHB Scott Hawkins
|
0-0: Called Strike 0-1: Foul Ball, location: 2F 0-2: Foul Ball, location: 2F 0-2: Strikes out looking
|
| Bottom of the 2nd over - 0 runs, 2 hits, 0 errors, 2 left on base; Lexington 0 - Greenville 0 |
| TOP OF THE 3RD |
|
Lexington Legends batting - Pitching for Greenville Drive : LHP Rob Hymowitz
|
|
Now at 1B: Eddie Contreras
|
|
|
Batting: RHB Nate De Jongh
|
0-0: Ball 1-0: Fly out, F9 (Flyball, 9LS, EV 77.5 MPH)
|
|
Batting: RHB Nick Julien
|
0-0: Called Strike 0-1: Swinging Strike 0-2: Ball 1-2: Ball 2-2: Strikes out looking
|
|
Batting: LHB Pablo Serrato
|
0-0: Ball 1-0: Ball 2-0: Ball 3-0: Called Strike 3-1: Base on Balls
|
|
Batting: SHB Bill Ertl
|
0-0: Ball 1-0: Called Strike 1-1: Called Strike 1-2: Foul Ball, location: 2F 1-2: Ground out 4-3 (Groundball, 4, EV 83.8 MPH)
|
| Top of the 3rd over - 0 runs, 0 hits, 0 errors, 1 left on base; Lexington 0 - Greenville 0 |
| BOTTOM OF THE 3RD |
|
Greenville Drive batting - Pitching for Lexington Legends : RHP Ryan Crump
|
|
Batting: LHB John Buff
|
0-0: Ball 1-0: Ball 2-0: Called Strike 2-1: Foul Ball, location: 2F 2-2: Strikes out swinging
|
|
Pitching: RHP Kolenka Leschenya
|
|
|
Batting: SHB Robert Soto
|
0-0: Ball 1-0: Foul Ball, location: 2F 1-1: Ball 2-1: Ball 3-1: Called Strike 3-2: Foul Ball, location: 2F 3-2: Ground out 1-3 (Groundball, 13S, EV 71.9 MPH)
|
|
Batting: LHB Danny Montoya
|
0-0: Ball 1-0: Fly out, F8 (Flyball, 78D, EV 97.5 MPH)
|
| Bottom of the 3rd over - 0 runs, 0 hits, 0 errors, 0 left on base; Lexington 0 - Greenville 0 |
| TOP OF THE 4TH |
|
Lexington Legends batting - Pitching for Greenville Drive : LHP Rob Hymowitz
|
|
Batting: RHB Phil Hamby
|
0-0: Called Strike 0-1: Swinging Strike 0-2: Ball 1-2: Ball 2-2: Ball 3-2: Foul Ball, location: 2F 3-2: Foul Ball, location: 2F 3-2: Strikes out swinging
|
|
Batting: RHB Jesus Malave
|
0-0: Swinging Strike 0-1: Called Strike 0-2: Strikes out looking
|
|
Batting: RHB Justin Goff
|
0-0: Ball 1-0: Called Strike 1-1: Ball 2-1: Ball 3-1: Base on Balls
|
|
Batting: LHB Danny Pacheco
|
0-0: Ball 1-0: Foul Ball, location: 2F 1-1: Ball 2-1: Called Strike 2-2: Ground out 3-1 (Groundball, 34, EV 103.1 MPH)
|
| Top of the 4th over - 0 runs, 0 hits, 0 errors, 1 left on base; Lexington 0 - Greenville 0 |
| BOTTOM OF THE 4TH |
|
Greenville Drive batting - Pitching for Lexington Legends : RHP Kolenka Leschenya
|
|
Batting: RHB Alex Cardenas
|
0-0: SINGLE (Groundball, 6MD, EV 100.6 MPH)
|
|
Batting: LHB Eddie Contreras
|
0-0: Ball 1-0: 2-RUN HOME RUN (Flyball, 89XD, EV 115.6 MPH), Distance : 434 ft
|
|
Batting: RHB Adugna Chandu
|
0-0: Ball 1-0: Ball 2-0: Fly out, F9 (Flyball, 89M, EV 88.1 MPH)
|
|
Batting: RHB Ted Emmerich
|
0-0: Foul Ball, location: 2F 0-1: Foul Ball, location: 2F 0-2: Ball 1-2: Ground out 6-3 (Groundball, 6, EV 100.6 MPH)
|
|
Pitching: LHP Butch Ott
|
|
|
Batting: RHB Mike Rosa
|
0-0: Called Strike 0-1: Swinging Strike 0-2: Ball 1-2: Strikes out swinging
|
| Bottom of the 4th over - 2 runs, 2 hits, 0 errors, 0 left on base; Lexington 0 - Greenville 2 |
| TOP OF THE 5TH |
|
Lexington Legends batting - Pitching for Greenville Drive : LHP Rob Hymowitz
|
|
Batting: LHB Edgar Ortiz
|
0-0: Ball 1-0: Called Strike 1-1: Swinging Strike 1-2: SINGLE (Groundball, 6MD, EV 109.4 MPH)
|
|
Batting: RHB Nate De Jongh
|
0-0: SINGLE (Groundball, 34D, EV 98.1 MPH) Edgar Ortiz to second Runner from 2nd tries for 3rd, SAFE, throw by RF made to third
|
|
Batting: RHB Nick Julien
|
0-0: Ball 1-0: Called Strike 1-1: Foul Ball, location: 2F 1-2: Ball 2-2: Fly out, F4 (Popup, 34D, EV 49.4 MPH)
|
|
Pitching: RHP Victor Escobar
|
|
|
Batting: LHB Pablo Serrato
|
Pickoff Throw to First - Error! E1 Edgar Ortiz scores Nate De Jongh to second 0-0: Foul Ball, location: 2F 0-1: Ball 1-1: Foul Ball, location: 2F 1-2: Ball Wild Pitch! Nate De Jongh to third 2-2: Fly out, F2 (Popup, 15S, EV 93.8 MPH)
|
|
Batting: SHB Bill Ertl
|
0-0: Called Strike 0-1: DOUBLE (Flyball, 78XD, EV 111.9 MPH) Nate De Jongh scores
|
|
Batting: RHB Phil Hamby
|
0-0: Ground out 5-3 (Groundball, 5L, EV 109.4 MPH)
|
| Top of the 5th over - 2 runs, 3 hits, 1 error, 1 left on base; Lexington 2 - Greenville 2 |
| BOTTOM OF THE 5TH |
|
Greenville Drive batting - Pitching for Lexington Legends : LHP Butch Ott
|
|
Batting: RHB Scott Hawkins
|
0-0: Called Strike 0-1: Swinging Strike 0-2: Strikes out swinging
|
|
Batting: LHB John Buff
|
0-0: Ball 1-0: Ball 2-0: SINGLE (Line Drive, 7LM, EV 106.2 MPH)
|
|
Batting: SHB Robert Soto
|
0-0: Swinging Strike 0-1: Ball John Buff steals 2nd base 1-1: SINGLE (Flyball, 89S, EV 96.9 MPH) John Buff to third Runner from 3rd tries for Home, throw by RF and OUT! 9-2
|
|
Batting: LHB Danny Montoya
|
0-0: Ball 1-0: SINGLE (Groundball, 4D, EV 100.6 MPH) Robert Soto to second Runner from 2nd tries for 3rd, OUT! 9-5
|
| Bottom of the 5th over - 0 runs, 3 hits, 0 errors, 1 left on base; Lexington 2 - Greenville 2 |
| TOP OF THE 6TH |
|
Lexington Legends batting - Pitching for Greenville Drive : RHP Victor Escobar
|
|
Batting: RHB Jesus Malave
|
0-0: Ball 1-0: Ball 2-0: Ground out 5-3 (Groundball, 56, EV 100.6 MPH)
|
|
Batting: RHB Justin Goff
|
0-0: Ball 1-0: Ball 2-0: Ball 3-0: Base on Balls
|
|
Batting: LHB Danny Pacheco
|
0-0: Called Strike 0-1: Ball 1-1: Fly out, F7 (Flyball, 7D, EV 101.2 MPH)
|
|
Batting: LHB Edgar Ortiz
|
0-0: Ball 1-0: Ball 2-0: Ball 3-0: Called Strike 3-1: Foul Ball, location: 2F 3-2: Strikes out swinging
|
| Top of the 6th over - 0 runs, 0 hits, 0 errors, 1 left on base; Lexington 2 - Greenville 2 |
| BOTTOM OF THE 6TH |
|
Greenville Drive batting - Pitching for Lexington Legends : LHP Butch Ott
|
|
Batting: RHB Alex Cardenas
|
0-0: Called Strike 0-1: Foul Ball, location: 2F 0-2: SINGLE (Groundball, 56D, EV 100.6 MPH)
|
|
Pitching: RHP Nam Phong
|
|
|
Batting: LHB Eddie Contreras
|
0-0: Swinging Strike 0-1: Called Strike 0-2: Ball 1-2: DOUBLE (Line Drive, 7LS, EV 103.8 MPH) Alex Cardenas to third
|
|
Pinch Hitting: LHB Kevin Rolison
|
0-0: Foul Ball, location: 2F 0-1: Ball 1-1: SINGLE (Groundball, 56S, EV 71.2 MPH) (infield hit) Alex Cardenas scores Eddie Contreras to third
|
|
Batting: RHB Ted Emmerich
|
0-0: Swinging Strike 0-1: Foul Ball, location: 2F 0-2: Foul Ball, location: 2F 0-2: Fly out, F6 (Popup, 6MD, EV 65.6 MPH)
|
|
Batting: RHB Mike Rosa
|
0-0: Ball Wild Pitch! Eddie Contreras scores Kevin Rolison to second 1-0: Ball 2-0: DOUBLE (Flyball, 89D, EV 100.0 MPH) Kevin Rolison scores
|
|
Batting: RHB Scott Hawkins
|
0-0: Called Strike 0-1: Ball 1-1: Called Strike Mike Rosa steals 3rd base 1-2: Reached on error, E1 (Groundball, 25, EV 73.1 MPH) Mike Rosa scores
|
|
Pitching: RHP Josh Rutledge
|
|
|
Batting: LHB John Buff
|
0-0: Ball 1-0: Foul Ball, location: 2F 1-1: Foul Ball, location: 2F 1-2: TRIPLE (Flyball, 89XD, EV 94.4 MPH) Scott Hawkins scores
|
|
Batting: SHB Robert Soto
|
0-0: Ball 1-0: Ground out 4-3 (Groundball, 34, EV 93.8 MPH) John Buff scores
|
|
Batting: LHB Danny Montoya
|
0-0: Foul Ball, location: 2F 0-1: Ground out 4-3 (Groundball, 4, EV 77.5 MPH)
|
| Bottom of the 6th over - 6 runs, 5 hits, 1 error, 0 left on base; Lexington 2 - Greenville 8 |
| TOP OF THE 7TH |
|
Lexington Legends batting - Pitching for Greenville Drive : RHP Victor Escobar
|
|
Now at SS: Ted Emmerich
|
|
|
Now in RF: Kevin Rolison
|
|
|
Batting: RHB Nate De Jongh
|
0-0: Called Strike 0-1: Ball 1-1: Ground out 1-3 (Groundball, 13S, EV 61.9 MPH)
|
|
Batting: RHB Nick Julien
|
0-0: Ball 1-0: Called Strike 1-1: Swinging Strike 1-2: Ball 2-2: Strikes out looking
|
|
Batting: LHB Pablo Serrato
|
0-0: Ground out 5-3 (Groundball, 56, EV 77.5 MPH)
|
| Top of the 7th over - 0 runs, 0 hits, 0 errors, 0 left on base; Lexington 2 - Greenville 8 |
| BOTTOM OF THE 7TH |
|
Greenville Drive batting - Pitching for Lexington Legends : RHP Josh Rutledge
|
|
Batting: RHB Alex Cardenas
|
0-0: Ball 1-0: Called Strike 1-1: Ground out 3-1 (Groundball, 34S, EV 86.9 MPH)
|
|
Batting: LHB Eddie Contreras
|
0-0: Ball 1-0: Foul Ball, location: 2F 1-1: Ball 2-1: Foul Ball, location: 2F 2-2: SINGLE (Groundball, 56D, EV 97.5 MPH)
|
|
Batting: LHB Kevin Rolison
|
0-0: Called Strike 0-1: Ball 1-1: SINGLE (Line Drive, 34D, EV 98.8 MPH) Eddie Contreras to second
|
|
Pitching: RHP Gary Ackerman
|
|
|
Batting: RHB Ted Emmerich
|
0-0: Fielders Choice at 2nd, 3-6 (Groundball, 3, EV 98.8 MPH) Eddie Contreras to third
|
|
Batting: RHB Mike Rosa
|
0-0: Ball 1-0: Called Strike 1-1: Ball 2-1: Foul Ball, location: 2F 2-2: Strikes out swinging
|
| Bottom of the 7th over - 0 runs, 2 hits, 0 errors, 2 left on base; Lexington 2 - Greenville 8 |
| TOP OF THE 8TH |
|
Lexington Legends batting - Pitching for Greenville Drive : RHP Victor Escobar
|
|
Batting: SHB Bill Ertl
|
0-0: Called Strike 0-1: Ball 1-1: Foul Ball, location: 2F 1-2: Ball 2-2: Strikes out swinging
|
|
Batting: RHB Phil Hamby
|
0-0: Called Strike 0-1: Called Strike 0-2: Ball 1-2: Foul Ball, location: 2F 1-2: Ball 2-2: Ball 3-2: DOUBLE (Line Drive, 89M, EV 105.0 MPH)
|
|
Pitching: RHP Alan Phillips
|
|
|
Batting: RHB Jesus Malave
|
0-0: Ball 1-0: Ball 2-0: Ball 3-0: Ground out 4-3 (Groundball, 4, EV 90.6 MPH) Phil Hamby to third
|
|
Batting: RHB Justin Goff
|
0-0: Ball 1-0: Ball 2-0: Foul Ball, location: 2F 2-1: Fly out, F8 (Flyball, 8RS, EV 87.5 MPH)
|
| Top of the 8th over - 0 runs, 1 hit, 0 errors, 1 left on base; Lexington 2 - Greenville 8 |
| BOTTOM OF THE 8TH |
|
Greenville Drive batting - Pitching for Lexington Legends : RHP Gary Ackerman
|
|
Batting: RHB Scott Hawkins
|
0-0: Foul Ball, location: 2F 0-1: Foul Ball, location: 2F 0-2: Ball 1-2: SINGLE (Groundball, 4MD, EV 107.5 MPH)
|
|
Batting: LHB John Buff
|
0-0: Ball 1-0: Foul Ball, location: 2F 1-1: Ball 2-1: Ball 3-1: Base on Balls Scott Hawkins to second
|
|
Batting: SHB Robert Soto
|
0-0: Ball 1-0: Called Strike 1-1: Ball 2-1: Ground out 6-3 (Groundball, 4, EV 100.0 MPH) Scott Hawkins to third John Buff to second
|
|
Pitching: LHP Tyler Abraham
|
|
|
Batting: LHB Danny Montoya
|
0-0: Foul Ball, location: 2F 0-1: Ball 1-1: Swinging Strike 1-2: Ball 2-2: Ground out 5-3 (Groundball, 5L, EV 83.8 MPH) Scott Hawkins scores
|
|
Batting: RHB Alex Cardenas
|
0-0: Called Strike 0-1: Ball 1-1: Foul Ball, location: 2F 1-2: Strikes out swinging
|
| Bottom of the 8th over - 1 run, 1 hit, 0 errors, 1 left on base; Lexington 2 - Greenville 9 |
| TOP OF THE 9TH |
|
Lexington Legends batting - Pitching for Greenville Drive : RHP Alan Phillips
|
|
Pinch Hitting: RHB Carlos Santoni
|
0-0: Called Strike 0-1: Ball 1-1: Fly out, F6 (Line Drive, 6, EV 67.5 MPH)
|
|
Batting: LHB Edgar Ortiz
|
0-0: Fly out, F3 (Line Drive, 4, EV 63.8 MPH)
|
|
Batting: RHB Nate De Jongh
|
0-0: Ball 1-0: Ball 2-0: Foul Ball, location: 2F 2-1: Swinging Strike 2-2: Ball 3-2: Ground out 3-1 (Groundball, 34, EV 110.6 MPH)
|
| Top of the 9th over - 0 runs, 0 hits, 0 errors, 0 left on base; Lexington 2 - Greenville 9 |
|